[Event "*** SCC Grand Prix: Titled Tuesday Blitz"]
[Site "Chess.com"]
[Date "2020.10.13"]
[Round "1"]
[White "Pultis"]
[Black "Chessbard1972"]
[Result "0-1"]
[WhiteElo "2706"]
[BlackElo "2390"]
[TimeControl "180+1"]
[EndTime "10:06:36 PDT"]
[Termination "Chessbard1972 won by resignation"]

1. d4 Nf6 2. c4 g6 3. Nc3 Bg7 4. e4 d6 5. Nf3 O-O 6. h3 Na6 7. Be3 c5 8. d5 e6 9. dxe6 Bxe6 10. Be2 Qb6 11. Qd2 Rfe8 12. O-O Rad8 13. Rab1 Qc7 14.
a3 Nb8 15. Rfc1 Nc6 16. b4 b6 17. Bg5 Nd4 18. Nxd4 cxd4 19. Nd5 Bxd5 20. cxd5 Qd7 21. f3 Rc8 22. Ba6 Rc3 23. Rxc3 dxc3 24. Qd3 Qc7 25. Rc1 Nd7 26. Be3 Ne5 27. Qb5 Rf8 28. Kf2 f5 29. exf5 gxf5 30. Bf4 Ng6 31. Bg5 h6 32. Qc6 Qf7 33.
Bc8 Bd4+ 34. Kf1 Qg7 35. Be6+ Kh8 36. Bxh6 Qxh6 37. Re1 Qd2 38. Re2 Qd1+ 39. Re1 Qd3+ 40. Re2 Nf4 0-1

[Event "*** SCC Grand Prix: Titled Tuesday Blitz"]
[Site "Chess.com"]
[Date "2020.10.13"]
[Round "1"]
[White "karinachess1"]
[Black "nobodyperfect13"]
[Result "1-0"]
[WhiteElo "2513"]
[BlackElo "2045"]
[TimeControl "180+1"]
[EndTime "10:06:36 PDT"]
[Termination "karinachess1 won by checkmate"]

1. e4 c5 2. Nf3 Nc6 3. d4 cxd4 4.
Nxd4 g6 5. c4 Bg7 6. Nc2 d6 7. Be2 Nf6 8. Nc3 O-O 9. O-O Be6 10.
Be3 a6 11. f3 Rc8 12. Qd2 Ne5 13. b3 Qc7 14. Nd4 Bd7 15. Rac1 Qb8 16. Rfd1 Nc6 17. Nd5 Rfe8 18. Nc2 h5 19. c5 dxc5 20. Nxf6+ Bxf6 21. Qxd7 Be5 22. Qh3 Bf4 23. Qh4 Nd4 24. Bf1 e5 25.
Bxf4 exf4 26. Nxd4 cxd4 27. Rxc8 Rxc8 28. Rxd4 Qe5 29. Rd8+ Rxd8 30. Qxd8+ Kg7 31. Qd5 Qc7 32. Bc4 Qb6+ 33. Kf1 Qe3 34. Qd1 h4 35. h3 b5 36.
Bd5 Qc5 37. Qd2 g5 38. Qb2+ Kg8 39. Qd2 Kg7 40. b4 Qc7 41. Qb2+ Kg8 42. Ke2 Qa7 43.
Qc3 Qb6 44. Qc5 Qb8 45. Qe7 Qb6 46. Qxf7+ Kh8 47. Qg8# 1-0

[Event "*** SCC Grand Prix: Titled Tuesday Blitz"]
[Site "Chess.com"]
[Date "2020.10.13"]
[Round "1"]
[White "bocah_sakit"]
[Black "WPWPWP-2015"]
[Result "0-1"]
[WhiteElo "2872"]
[BlackElo "2473"]
[TimeControl "180+1"]
[EndTime "10:06:38 PDT"]
[Termination "WPWPWP-2015 won by checkmate"]

1. e4 c5 2. Nf3 d6 3. d4 cxd4 4. Nxd4 Nf6 5. Nc3 a6 6. Bg5 e6 7.
f4 Nbd7 8. Qf3 Qc7 9. O-O-O b5 10. Bd3 Bb7 11. Rhe1 Qb6 12. Nd5 Qxd4 13. Bxf6 gxf6 14.
Bxb5 Qc5 15. b4 Qxb5 16. Nc7+ Ke7 17. Nxb5 axb5 18. Qd3 Ra6 19. Qxb5 Rb6 20. Qd3 Bh6 21. g3 Rc8 22. Kb2 Rxb4+ 23. Ka1 Rb6 24. Rb1 Ba6 25.
Qa3 Rbc6 26. Rbd1 Bg7 27. f5 Bc4 28. Rd4 Ra6 29. Qb4 Bxa2 30. Rxd6 Rxd6 31. Rd1 Rc6 32. Kxa2 Ra6+ 33. Kb3 Rb6 34. Rf1 Rxb4+ 35. Kxb4 Rd4+ 36.
c4 Rxe4 37. Kb5 Bf8 38. fxe6 fxe6 39. c5 Re5 40. Kc4 Rxc5+ 41. Kd4 Rd5+ 42. Ke4 f5+ 43. Kf4 Bh6+ 44. Kf3 Ne5+ 45. Kg2 Rd2+ 46. Kh3 Ng4 47. Rh1 Nf2+ 48. Kh4 Nxh1 49. Kh5 Rxh2# 0-1

[Event "*** SCC Grand Prix: Titled Tuesday Blitz"]
[Site "Chess.com"]
[Date "2020.10.13"]
[Round "1"]
[White "Smirnov_Pavel"]
[Black "banane_verte"]
[Result "1-0"]
[WhiteElo "2828"]
[BlackElo "2430"]
[TimeControl "180+1"]
[EndTime "10:06:38 PDT"]
[Termination "Smirnov_Pavel won by checkmate"]

1. d4 Nf6 2. c4 e6 3. Nf3 b6 4. g3 Bb7 5. Bg2 Be7 6. O-O O-O 7. Nc3 Ne4 8. Bd2 f5 9. Ne5 Nxc3 10. Bxc3 Bxg2 11. Kxg2 d6 12. Nf3 Bf6 13. Qd3 Nd7 14. e4 g6 15. Rfe1 Qe7 16. Rad1 Rad8 17. b4 Rfe8 18.
a4 Qg7 19. b5 fxe4 20. Qxe4 e5 21. dxe5 Nxe5 22. Nxe5 Bxe5 23. Bxe5 Qxe5 24. Qc6 Qxe1 25. Rxe1 Rxe1 26. Qxc7 Ree8 27. Qxa7 Rb8 28. Qc7 Red8 29. h4 h5 30. Qe7 Rbc8 31. Qf6 Kh7 32. Qf7+ Kh6 33.
Qe7 Ra8 34. f3 Re8 35. Qxd6 Rxa4 36. Qxb6 Re2+ 37. Kh3 Raa2 38. g4 hxg4+ 39. Kxg4 Rg2+ 40. Kf4 Rh2 41. Qf6 Ra4 42. Qh8# 1-0

[Event "*** SCC Grand Prix: Titled Tuesday Blitz"]
[Site "Chess.com"]
[Date "2020.10.13"]
[Round "1"]
[White "alexrustemov"]
[Black "Tenamu"]
[Result "1-0"]
[WhiteElo "2708"]
[BlackElo "2366"]
[TimeControl "180+1"]
[EndTime "10:06:38 PDT"]
[Termination "alexrustemov won by resignation"]

1. d4 Nf6 2. Nf3 e6 3. c4 c5 4. d5 exd5 5. cxd5 d6 6. Nc3 g6 7.
h3 Bg7 8. e4 O-O 9. Bd3 b5 10.
Bxb5 Nxe4 11. Nxe4 Qa5+ 12. Nfd2 Qxb5 13. Nxd6 Qa6 14.
N2c4 Nd7 15. O-O Ne5 16. Nxe5 Bxe5 17. Ne4 Rd8 18. Bg5 f6 19. Nxc5 Qb5 20. Be3 Bf5 21. g4 Bc8 22. Rc1 Bb7 23. Nxb7 Qxb7 24. Rc2 Rxd5 25. Qf3 Qd7 26. Rfc1 Rd8 27. Kg2 f5 28. gxf5 gxf5 29. Rc8 Bb8 30. Rxd8+ Qxd8 31. Rc8 Qxc8 32. Qxd5+ Kg7 33. Bd4+ Kg6 34. b4 a6 35. a4 f4 36.
b5 axb5 37. axb5 f3+ 38. Qxf3 Qc4 39. Qc6+ Qxc6+ 40. bxc6 Bc7 41. Kf3 Kf5 42. Ke3 Ke6 43. Ke4 h5 44. Bc5 h4 45. f4 Kf6 46. f5 Kf7 47. Bd4 Ke7 48. Be5 Bb6 49. Kd5 Kd8 50. Ke6 Bc5 51. f6 Ke8 52. Bd6 Bxd6 53. Kxd6 Kf7 54. c7 1-0

[Event "*** SCC Grand Prix: Titled Tuesday Blitz"]
[Site "Chess.com"]
[Date "2020.10.13"]
[Round "1"]
[White "ajedrezhoy"]
[Black "SamuelGhimpu2003"]
[Result "0-1"]
[WhiteElo "2215"]
[BlackElo "2562"]
[TimeControl "180+1"]
[EndTime "10:06:38 PDT"]
[Termination "SamuelGhimpu2003 won on time"]

1. Nf3 Nf6 2. b3 d5 3. Bb2 Bf5 4. d3 e6 5. Nbd2 Bc5 6. e3 a5 7. a4 h6 8. g3 O-O 9. Bg2 Re8 10.
O-O Nc6 11. Ne5 Nxe5 12. Bxe5 Bd6 13. Bb2 e5 14. e4 Bg4 15. Bf3 Bh3 16. Bg2 Bxg2 17.
Kxg2 c6 18. Qe2 Qc7 19. Nf3 Nd7 20. Nh4 g6 21. Qg4 Kh7 22. Rae1 dxe4 23. dxe4 b5 24.
Rd1 bxa4 25. Rxd6 Qxd6 26. Rd1 Nf6 27. Qf3 Qe6 28. bxa4 Red8 29. Rb1 Rab8 30. Qc3 Nxe4 31. Qf3 Nd2 0-1

[Event "*** SCC Grand Prix: Titled Tuesday Blitz"]
[Site "Chess.com"]
[Date "2020.10.13"]
[Round "1"]
[White "CzechmVIII"]
[Black "RestartingChess"]
[Result "0-1"]
[WhiteElo "2156"]
[BlackElo "2536"]
[TimeControl "180+1"]
[EndTime "10:06:38 PDT"]
[Termination "RestartingChess won on time"]

1. e4 Nf6 2. e5 Nd5 3. d4 d6 4. Nf3 g6 5. Bc4 Nb6 6. Bb3 Bg7 7. Ng5 d5 8. f4 h6 9. Nf3 Bg4 10.
h3 Bxf3 11. Qxf3 e6 12. Be3 Nc6 13. Nd2 a5 14. a3 h5 15. g3 Ne7 16. O-O-O Nf5 17.
g4 Nxe3 18. Qxe3 Qe7 19. f5 gxf5 20. gxf5 Bh6 21. Qf3 O-O-O 22. Kb1 Qh4 23. Rhf1 Qxd4 24. Nc4 Qc5 25. Nxb6+ Qxb6 26. fxe6 fxe6 27. Qc3 Rhf8 28.
Rf3 c5 29. Rdf1 c4 30. Ba2 Rxf3 31. Qxf3 Rf8 32. Qe2 Rxf1+ 33. Qxf1 Qe3 34. b3 c3 35. b4 a4 36. Qd1 Qxe5 0-1

[Event "*** SCC Grand Prix: Titled Tuesday Blitz"]
[Site "Chess.com"]
[Date "2020.10.13"]
[Round "1"]
[White "davigator"]
[Black "JakubPulpan"]
[Result "0-1"]
[WhiteElo "2346"]
[BlackElo "2674"]
[TimeControl "180+1"]
[EndTime "10:06:40 PDT"]
[Termination "JakubPulpan won by resignation"]

1. e4 e5 2. Nf3 Nc6 3. Bb5 Nf6 4. d3 Bc5 5. Nbd2 O-O 6. Bxc6 dxc6 7. O-O Nd7 8. a4 a5 9. Nc4 f6 10. Bd2 b6 11. c3 Ba6 12. b4 Bxc4 13. dxc4 axb4 14. cxb4 Bd4 15. Ra2 c5 16. b5 Qe7 17. a5 bxa5 18.
Rxa5 Nb6 19. Qc2 Rxa5 20. Bxa5 Ra8 21. Bxb6 cxb6 22. Nxd4 exd4 23. f3 Ra3 24. Qb2 Qa7 25.
h3 Ra2 26. Qc1 h6 27. Re1 Qc7 28. f4 d3 29. Qe3 d2 30. Rd1 Qd7 31. Kf2 Rc2 32.
Ke2 Rxc4 33. Rxd2 Qxb5 34. Kf2 Qe8 35. e5 fxe5 36. fxe5 Qf7+ 37. Kg1 Qf4 38. Qd3 Rc1+ 39. Rd1 Rxd1+ 40. Qxd1 Qd4+ 41. Qxd4 cxd4 42. Kf2 b5 43.
Ke2 b4 44. Kd3 b3 45. g4 g5 46. e6 Kf8 0-1

[Event "*** SCC Grand Prix: Titled Tuesday Blitz"]
[Site "Chess.com"]
[Date "2020.10.13"]
[Round "1"]
[White "Azerichess"]
[Black "jerry_77"]
[Result "1-0"]
[WhiteElo "2946"]
[BlackElo "2483"]
[TimeControl "180+1"]
[EndTime "10:06:43 PDT"]
[Termination "Azerichess won by checkmate"]

1. d4 Nf6 2. c4 e6 3. Nc3 Bb4 4. Qc2 c5 5. dxc5 O-O 6. a3 Bxc5 7. Nf3 Nc6 8. Bf4 d5 9. e3 d4 10. O-O-O dxc3 11. Rxd8 cxb2+ 12. Kxb2 Rxd8 13. Bd3 b6 14. g4 Bb7 15. g5 Nh5 16. Bxh7+ Kf8 17. Be4 Rac8 18.
Rd1 Rxd1 19. Qxd1 Rd8 20. Qc2 Nxf4 21. exf4 Nd4 22. Nxd4 Bxd4+ 23. Kb3 Bxe4 24. Qxe4 Bxf2 25. Qb7 a5 26. Qc7 Ke8 27. Ka4 Bc5 28. h4 g6 29.
Kb5 Rd3 30. a4 Rd4 31. Qe5 Kf8 32. Qh8+ Ke7 33. Qf6+ Ke8 34. h5 gxh5 35. g6 fxg6 36. Qxe6+ Kd8 37. Qxg6 h4 38. f5 Rd6 39. f6 Re6 40. Qf5 Re8 41. Kc6 h3 42. Qd7# 1-0

[Event "*** SCC Grand Prix: Titled Tuesday Blitz"]
[Site "Chess.com"]
[Date "2020.10.13"]
[Round "1"]
[White "romulocardoso"]
[Black "crazy_but_lazy"]
[Result "1/2-1/2"]
[WhiteElo "2074"]
[BlackElo "2510"]
[TimeControl "180+1"]
[EndTime "10:06:43 PDT"]
[Termination "Game drawn by agreement"]

1. e4 e5 2. Nf3 Nc6 3. d4 exd4 4. Bc4 Nf6 5. e5 d5 6. Bb5 Ne4 7. Nxd4 Bd7 8. Bxc6 bxc6 9. O-O Bc5 10. f3 Ng5 11. Be3 O-O 12. f4 Ne4 13. Nd2 Nxd2 14. Qxd2 f6 15. e6 Bxd4 16. Bxd4 Bxe6 17. Rfe1 Bf5 18.
Bc5 Re8 19. c4 Re4 20. Rxe4 Bxe4 21. Qd4 Qd7 22. Re1 Qg4 23. Qf2 a6 24. h3 Qg6 25.
Kh2 h5 26. Qg3 Qf5 27. Bd4 Kf7 28. c5 Re8 29. b4 Re6 30. a3 Bc2 31. Rxe6 Qxe6 32.
Qe3 Qxe3 33. Bxe3 Ke6 34. g4 d4 35. Bxd4 Kd5 36. Bb2 hxg4 37. hxg4 Kc4 38. g5 fxg5 39. fxg5 g6 40. Be5 Kb3 41. Bxc7 Kxa3 42. Ba5 Kb3 43. Kg3 Bf5 44. Kf4 Kc4 45. Ke5 1/2-1/2

[Event "*** SCC Grand Prix: Titled Tuesday Blitz"]
[Site "Chess.com"]
[Date "2020.10.13"]
[Round "1"]
[White "Brave_spirit12"]
[Black "LiemLe"]
[Result "0-1"]
[WhiteElo "2488"]
[BlackElo "2978"]
[TimeControl "180+1"]
[EndTime "10:06:44 PDT"]
[Termination "LiemLe won by resignation"]

1. e4 c5 2. c3 Nf6 3. e5 Nd5 4.
d4 cxd4 5. cxd4 d6 6. Nf3 Nc6 7. Nc3 Nxc3 8. bxc3 e6 9. Bd3 dxe5 10. dxe5 Qa5 11. O-O Nxe5 12. Nxe5 Qxe5 13. Re1 Qc7 14. Bb5+ Bd7 15. Bf4 Qc8 16. Bxd7+ Qxd7 17. Qf3 Bc5 18. Rad1 Qe7 19. Rb1 O-O 20. Rxb7 Qf6 21. Rd1 Rad8 22. Rbd7 Rxd7 23. Rxd7 h6 24. h3 Bb6 25. Be3 Qxc3 26. Bxb6 Qxf3 27. gxf3 axb6 28. Rb7 Ra8 29. Rxb6 Rxa2 30.
Kg2 Ra4 31. Kg3 g5 32. Rb8+ Kg7 33. Rb5 Kg6 34. Rb8 h5 35. Rg8+ Kf5 36. Rb8 f6 37. Rh8 h4+ 38. Kg2 e5 39. Re8 Kf4 40. Rf8 f5 41. Rf7 Ra3 42. Rf8 Rxf3 43. Rxf5+ Kxf5 44.
Kxf3 g4+ 45. hxg4+ Kg5 46. Ke4 Kxg4 47. Kxe5 Kf3 48.
Kf5 h3 0-1

[Event "*** SCC Grand Prix: Titled Tuesday Blitz"]
[Site "Chess.com"]
[Date "2020.10.13"]
[Round "1"]
[White "VitaliyBernadskiy"]
[Black "gmpeter008"]
[Result "1-0"]
[WhiteElo "2739"]
[BlackElo "2384"]
[TimeControl "180+1"]
[EndTime "10:06:46 PDT"]
[Termination "VitaliyBernadskiy won by resignation"]

1. e4 e5 2. Nf3 Nc6 3. Bb5 g6 4. d4 exd4 5. Bg5 Be7 6. Bxe7 Qxe7 7. Bxc6 dxc6 8. Qxd4 Nf6 9. Nc3 Bg4 10. O-O-O c5 11. Qe3 Bxf3 12. gxf3 O-O 13. e5 Nh5 14. Nd5 Qe6 15.
Nxc7 Qxa2 16. Nxa8 Rxa8 17. c3 Qa1+ 18. Kc2 Qa4+ 19.
Kb1 Qc6 20. Qe4 Qxe4+ 21. fxe4 Nf4 22. Rd7 b6 23. Rhd1 c4 24. Rd8+ Rxd8 25. Rxd8+ Kg7 26.
Rd7 a5 27. Rb7 a4 28. Rxb6 Nd3 29. Ra6 Nxe5 30. Rxa4 g5 31. Ra5 f6 32. Rc5 h5 33.
Kc2 Kg6 34. Rxe5 fxe5 35. b3 cxb3+ 36. Kxb3 g4 37. c4 1-0

[Event "*** SCC Grand Prix: Titled Tuesday Blitz"]
[Site "Chess.com"]
[Date "2020.10.13"]
[Round "1"]
[White "WuinaterJr"]
[Black "mr65"]
[Result "1-0"]
[WhiteElo "2533"]
[BlackElo "2156"]
[TimeControl "180+1"]
[EndTime "10:06:46 PDT"]
[Termination "WuinaterJr won by resignation"]

1. e4 e5 2. Nf3 Nc6 3. Bb5 a6 4. Ba4 Nf6 5. O-O Be7 6. Re1 b5 7. Bb3 O-O 8. a4 b4 9. d4 d6 10. dxe5 dxe5 11. h3 Qxd1 12. Rxd1 Bb7 13. Bg5 Na5 14. Bxf6 Bxf6 15. Nbd2 Nxb3 16. cxb3 Rfd8 17.
Rac1 Rd7 18. Re1 Rad8 19. Nc4 Rd3 20. Na5 Ba8 21. Rxc7 Rd1 22. Nc6 Rxe1+ 23. Nxe1 Bxc6 24. Rxc6 Bg5 25. Rxa6 h5 26. Nf3 Bc1 27. Rb6 Rd1+ 28. Kh2 Bxb2 29. Rxb4 Bd4 30. Nxd4 exd4 31. a5 d3 32. Rd4 d2 33. b4 Rb1 34. Rxd2 Rxb4 35. Ra2 Rxe4 36. a6 Re8 37. Kg3 Ra8 38. Kf4 Ra7 39. Ke5 Kf8 40. Kd6 Ke8 41. Kc6 Ke7 42. Kb6 Ra8 43. a7 Rd8 44. a8=Q Rxa8 45. Rxa8 1-0

[Event "*** SCC Grand Prix: Titled Tuesday Blitz"]
[Site "Chess.com"]
[Date "2020.10.13"]
[Round "1"]
[White "tdf98pantani"]
[Black "googlegoom"]
[Result "1-0"]
[WhiteElo "2728"]
[BlackElo "2379"]
[TimeControl "180+1"]
[EndTime "10:06:47 PDT"]
[Termination "tdf98pantani won by resignation"]

1. d4 d5 2. c4 c6 3. cxd5 cxd5 4. Nc3 Nf6 5. Bf4 Nc6 6. e3 e6 7. Bd3 Be7 8. Nf3 Bd7 9. O-O Nh5 10. Be5 f6 11.
Bg3 Nxg3 12. hxg3 O-O 13. a3 Rc8 14. e4 dxe4 15. Nxe4 Be8 16. Bc4 Bf7 17. Rc1 a6 18. Re1 b5 19. Ba2 Kh8 20. Qd2 Qb6 21. Qe3 Rfe8 22.
g4 Rcd8 23. Red1 Bf8 24. g5 f5 25. Nc5 Nxd4 26. Ne5 Bh5 27. Rxd4 Bxc5 28. Rxc5 Qxc5 29.
Rxd8 Qc2 30. Rxe8+ Bxe8 31. Qd4 1-0

[Event "*** SCC Grand Prix: Titled Tuesday Blitz"]
[Site "Chess.com"]
[Date "2020.10.13"]
[Round "1"]
[White "PattyCastillo"]
[Black "redbaron8888"]
[Result "0-1"]
[WhiteElo "2008"]
[BlackElo "2509"]
[TimeControl "180+1"]
[EndTime "10:06:47 PDT"]
[Termination "redbaron8888 won by resignation"]

1. d4 Nf6 2. Nf3 e6 3. e3 d5 4. Bd3 c5 5. b3 Nc6 6. Bb2 Be7 7.
O-O O-O 8. Nbd2 b6 9. Ne5 Nxe5 10. dxe5 Nd7 11. f4 Bb7 12. Rf3 f5 13. Rh3 Rf7 14.
Nf3 Rc8 15. Qe2 Nf8 16. Rd1 Qc7 17. Ng5 Bxg5 18. fxg5 c4 19. bxc4 dxc4 20. Bxf5 Rxf5 21. Rd6 c3 22. Ba3 Rxg5 23. Rg3 Rxg3 24. hxg3 Qc4 25. Qh5 Qe4 26. Qh3 Qxe3+ 27. Kh2 Qxe5 28. Qh4 Qe4 29. Qh3 Bd5 30. Bc1 Qxc2 31. Bf4 Qxg2+ 32. Qxg2 Bxg2 33. Kxg2 c2 0-1

[Event "*** SCC Grand Prix: Titled Tuesday Blitz"]
[Site "Chess.com"]
[Date "2020.10.13"]
[Round "1"]
[White "Piotrek1979"]
[Black "crescentmoon2411"]
[Result "0-1"]
[WhiteElo "2417"]
[BlackElo "2816"]
[TimeControl "180+1"]
[EndTime "10:06:48 PDT"]
[Termination "crescentmoon2411 won by resignation"]

1. d4 Nf6 2. c4 c5 3. Nf3 cxd4 4. Nxd4 Nc6 5. Nc3 e6 6. e3 Be7 7. Be2 O-O 8. O-O d5 9. cxd5 Nxd5 10. Nxd5 exd5 11.
b3 Nxd4 12. exd4 Bf5 13. Bd3 Qd7 14. Bf4 Rac8 15. Re1 Bb4 16. Re5 Bg6 17. Bxg6 hxg6 18. Qf3 Rfd8 19. Rd1 f6 20. Re2 Qf5 21. Bd2 Qxf3 22.
gxf3 Bd6 23. Be3 g5 24. h3 Kf7 25. Kg2 Rc6 26. Rc1 Rdc8 27. Rxc6 Rxc6 28. Rd2 Rc3 29. Kf1 b5 30. Kg2 a5 31. Re2 Rc8 32.
Rd2 Ke6 33. Re2 Kd7 34. h4 gxh4 35. Kh3 g5 36. Kg4 Rh8 37. f4 h3 38. Re1 h2 39. Rh1 Bxf4 40. Kf5 Bxe3 41. fxe3 Rh3 42. Kxf6 g4 0-1

[Event "*** SCC Grand Prix: Titled Tuesday Blitz"]
[Site "Chess.com"]
[Date "2020.10.13"]
[Round "1"]
[White "temus_galaktionov"]
[Black "ferdipy"]
[Result "1/2-1/2"]
[WhiteElo "2627"]
[BlackElo "2311"]
[TimeControl "180+1"]
[EndTime "10:06:48 PDT"]
[Termination "Game drawn by repetition"]

1. d4 e5 2. c4 d6 3. dxe5 dxe5 4.
Qxd8+ Kxd8 5. Nf3 f6 6. Nc3 c6 7. e4 Be6 8. Be3 Kc7 9. O-O-O Nd7 10. h3 Bc5 11. Bxc5 Nxc5 12. b4 Nd7 13. c5 Nh6 14. Nd2 Nf7 15. Bc4 Bxc4 16. Nxc4 Rad8 17. Rd2 b5 18. Na5 Nb8 19. Rhd1 Rxd2 20. Rxd2 Na6 21. a3 Rd8 22. Rxd8 Nxd8 23. Kd2 Ne6 24. Ne2 Nb8 25.
g3 Nd7 26. Ke3 g5 27. h4 h6 28. Kf3 Ng7 29. hxg5 fxg5 30. Kg4 Nf6+ 31. Kf3 g4+ 32. Ke3 h5 33. Nb3 Ne6 34. Nbc1 Ng5 35. Nc3 Nf3 36. Nd3 Kd7 37. a4 a6 38. axb5 axb5 39. Ne2 Ke6 40. Nec1 Ng5 41. Nb3 Ngxe4 42. Na5 Kd5 43. Nb7 Nc3 44.
Nd6 Nfe4 45. Nf7 Nd1+ 46. Ke2 Ndc3+ 47. Ke3 Nd1+ 48. Ke2 Ndc3+ 49. Ke3 1/2-1/2

[Event "*** SCC Grand Prix: Titled Tuesday Blitz"]
[Site "Chess.com"]
[Date "2020.10.13"]
[Round "1"]
[White "biostatistician"]
[Black "Vision_64"]
[Result "1-0"]
[WhiteElo "2561"]
[BlackElo "2208"]
[TimeControl "180+1"]
[EndTime "10:06:49 PDT"]
[Termination "biostatistician won on time"]

1. d4 Nf6 2. Nf3 e6 3. c4 b6 4. Nc3 Bb7 5. Bg5 Be7 6. e3 d5 7. Bd3 O-O 8. O-O Nbd7 9. Qe2 c5 10. Rad1 cxd4 11. exd4 Re8 12. Rfe1 dxc4 13. Bxc4 h6 14. Bh4 Nd5 15. Bxe7 Nxe7 16. Ne5 Nd5 17. Bb5 Nxc3 18. bxc3 Re7 19. Bxd7 Rxd7 20. Nxd7 Qxd7 21. c4 Rc8 22. d5 exd5 23. cxd5 Bxd5 24. Qe5 Rc5 25. Qe8+ Qxe8 26. Rxe8+ Kh7 27. Re5 Be6 28. Rxc5 bxc5 29. a3 c4 30. f4 Kg6 31. Kf2 Kf5 32. Ke3 h5 33. Rb1 g5 34. Rb5+ Kf6 35. Rxg5 h4 36. Rh5 h3 37.
gxh3 Bf5 38. Kd4 c3 39. Kxc3 Bg6 40. Ra5 1-0

[Event "*** SCC Grand Prix: Titled Tuesday Blitz"]
[Site "Chess.com"]
[Date "2020.10.13"]
[Round "1"]
[White "bratkoo"]
[Black "parnali1611"]
[Result "1-0"]
[WhiteElo "2538"]
[BlackElo "2157"]
[TimeControl "180+1"]
[EndTime "10:06:50 PDT"]
[Termination "bratkoo won on time"]

1. e4 e5 2. Nf3 Nc6 3. Bc4 Nf6 4. O-O Bc5 5. d3 h6 6. a4 d6 7. a5 a6 8. c3 Bg4 9. b4 Ba7 10. Be3 O-O 11. h3 Be6 12. Nbd2 Qd7 13. Bxa7 Rxa7 14. Qb3 Ne7 15. Rfe1 Ng6 16. d4 Nf4 17. Bxe6 fxe6 18.
dxe5 dxe5 19. Nc4 N6h5 20. Ncxe5 Qe7 21. Rad1 Nxg2 22. Kxg2 Nf4+ 23. Kh2 Qf6 24. Rd7 Ng6 25. Nxg6 Qxg6 26. Rg1 Qxe4 27. Rgxg7+ Kh8 28. Rh7+ Qxh7 29.
Rxh7+ Kxh7 30. Qxe6 Raa8 31. Qe7+ Kh8 32. Ne5 Rxf2+ 33. Kg3 Rf1 34. Nf7+ Kg7 35. Ng5+ Kg6 36. Ne6 Rg8 37. Kg2 1-0

[Event "*** SCC Grand Prix: Titled Tuesday Blitz"]
[Site "Chess.com"]
[Date "2020.10.13"]
[Round "1"]
[White "JoliyRoger"]
[Black "Beca95"]
[Result "0-1"]
[WhiteElo "2469"]
[BlackElo "2909"]
[TimeControl "180+1"]
[EndTime "10:06:51 PDT"]
[Termination "Beca95 won by resignation"]

1. Nf3 d5 2. c4 d4 3. d3 Nc6 4. e3 Bg4 5. Be2 h5 6. h3 Bxf3 7. Bxf3 e5 8. O-O dxe3 9. Bxe3 Nf6 10. Nc3 Be7 11. Re1 Qd7 12. Nd5 Nxd5 13. cxd5 Nd4 14. Bxd4 exd4 15. Bxh5 g6 16. Bg4 Qd6 17. Qb3 Rb8 18.
Qc4 Kf8 19. Rac1 Kg7 20. Qxc7 Qxc7 21. Rxc7 Bd6 22. Rd7 Rhd8 23. Rxd8 Rxd8 24. h4 Bc5 25. Bf3 Bb4 26. Re2 Rc8 27. g3 Bd6 28. Kg2 b5 29. a3 a5 30. Be4 a4 31. Bf3 Rc1 32. Bg4 Kf6 33. h5 gxh5 34. Bxh5 Rb1 35. Bf3 Rc1 36. Bg4 Be5 37. Bd7 Rc5 38. Bc6 Bd6 39.
f4 Kf5 40. Kf3 Kg6 41. g4 Kg7 42. g5 Rc1 43. Rf2 Rd1 44. Ke4 Re1+ 45. Kxd4 Bb8 46.
Kc5 Ba7+ 47. Kxb5 Bxf2 48. d6 Rb1 49. Kxa4 Rxb2 50. d7 Bb6 51. f5 f6 52. gxf6+ Kxf6 53. d4 Kxf5 54. d5 Bd8 55. Bb5 Ke5 56. Bc6 Kd6 57.
Bb5 Kxd5 58. Ba6 Rb6 59. Bb5 Kc5 60. Bd3 Rd6 0-1

[Event "*** SCC Grand Prix: Titled Tuesday Blitz"]
[Site "Chess.com"]
[Date "2020.10.13"]
[Round "1"]
[White "chessfrendz"]
[Black "Nikolakis2014"]
[Result "0-1"]
[WhiteElo "2381"]
[BlackElo "2737"]
[TimeControl "180+1"]
[EndTime "10:06:51 PDT"]
[Termination "Nikolakis2014 won on time"]

1. d4 Nf6 2. Nf3 g6 3. c4 Bg7 4. Nc3 O-O 5. e4 d6 6. Be2 Na6 7. O-O e5 8. Be3 c6 9. d5 Ng4 10. Bg5 f6 11. Bc1 f5 12. h3 Nf6 13. dxc6 bxc6 14.
Be3 f4 15. Bc1 Nc5 16. Qc2 a5 17. Rd1 Qe7 18. b3 Ne6 19. Ba3 c5 20. Nd5 Nxd5 21. cxd5 Nd4 22. Nxd4 exd4 23. Rac1 f3 24. Bxf3 Rxf3 25.
gxf3 Be5 26. Qd2 Qh4 27. Kf1 Qxh3+ 28. Ke2 a4 29. b4 Ba6+ 30. b5 Bxb5+ 0-1

[Event "*** SCC Grand Prix: Titled Tuesday Blitz"]
[Site "Chess.com"]
[Date "2020.10.13"]
[Round "1"]
[White "Iskusnyh"]
[Black "tan275"]
[Result "1-0"]
[WhiteElo "2571"]
[BlackElo "2234"]
[TimeControl "180+1"]
[EndTime "10:06:51 PDT"]
[Termination "Iskusnyh won on time"]

1. d4 d5 2. c4 e6 3. Nf3 Nf6 4. g3 dxc4 5. Bg2 c5 6. O-O Nc6 7. Na3 cxd4 8. Nxc4 Be7 9. Bf4 Nh5 10. Bd2 O-O 11. Rc1 Bd7 12. Qb3 Rc8 13. Rfd1 b6 14. Be1 Bc5 15. a3 Qf6 16. Qd3 e5 17. b4 Be7 18. b5 Na5 19. Ncxe5 Bf5 20. e4 Rxc1 21.
Rxc1 Bg4 22. Bxa5 Bxf3 23. Nxf3 bxa5 24. Rc6 Bd6 25. e5 Qe6 26. Rxd6 Qa2 27. h3 Rc8 28.
Qf5 Rc1+ 29. Kh2 g6 30. Qg5 1-0

[Event "*** SCC Grand Prix: Titled Tuesday Blitz"]
[Site "Chess.com"]
[Date "2020.10.13"]
[Round "1"]
[White "Thee-Chessboy"]
[Black "dretch"]
[Result "0-1"]
[WhiteElo "2443"]
[BlackElo "2843"]
[TimeControl "180+1"]
[EndTime "10:06:52 PDT"]
[Termination "dretch won by resignation"]

1. d4 d5 2. c4 c6 3. Nf3 Nf6 4. Qc2 dxc4 5. Qxc4 Bf5 6. Nc3 e6 7. Bg5 Be7 8. e3 Nbd7 9. Be2 h6 10. Bh4 O-O 11.
O-O Ne4 12. Bxe7 Qxe7 13. Nxe4 Bxe4 14. Nd2 Bd5 15. Qc2 e5 16. dxe5 Qxe5 17. Nf3 Qf6 18. Rfd1 Rfd8 19. a3 Nf8 20. Rd2 Bxf3 21. Bxf3 Rxd2 22.
Qxd2 Rd8 23. Qb4 Rd7 24. Rd1 Qd8 25. Rxd7 Qxd7 26. Qd4 Qxd4 27. exd4 Nd7 28. Kf1 Nb6 29. b3 Kf8 30. Ke2 Ke7 31. Kd3 Kd6 32. h4 Nd5 33. g3 a5 34. Bg4 Nc7 35. Kc4 Nb5 36.
a4 Nc7 37. b4 b5+ 38. axb5 cxb5+ 39. Kc3 Nd5+ 40. Kb3 Nxb4 41. Be2 Kc6 42. Bf3+ Kb6 43. Be4 Nc6 44. d5 Ne5 45. f4 Nc4 46. Bd3 Nd6 0-1

[Event "*** SCC Grand Prix: Titled Tuesday Blitz"]
[Site "Chess.com"]
[Date "2020.10.13"]
[Round "1"]
[White "ZverevLev"]
[Black "IwkooO"]
[Result "0-1"]
[WhiteElo "2320"]
[BlackElo "2651"]
[TimeControl "180+1"]
[EndTime "10:06:52 PDT"]
[Termination "IwkooO won by resignation"]

1. e4 c5 2. Nf3 e6 3. d4 cxd4 4. Nxd4 Nc6 5. Nc3 a6 6. Be3 Nf6 7. f4 Bb4 8. Bd3 Qc7 9. O-O Nxd4 10. Bxd4 Bc5 11. Bxc5 Qxc5+ 12. Kh1 d6 13. Qe2 e5 14. fxe5 dxe5 15. h3 Be6 16. Rad1 h5 17. Qf2 Qxf2 18. Rxf2 h4 19. Rfd2 Ke7 20. Be2 Rhd8 21. Rxd8 Rxd8 22. Rxd8 Kxd8 23. Kg1 Kc7 24. Kf2 Kd6 25. Ke3 b5 26. a3 Kc5 27. Nb1 Ne8 28. Nd2 f6 29. Nf3 g5 30. Nd2 Nd6 31. b3 a5 32. Nb1 f5 33.
Nd2 g4 34. exf5 gxh3 35. Kf2 h2 36. fxe6 h1=Q 37. e7 Qh2 38. Ne4+ Nxe4+ 0-1

[Event "*** SCC Grand Prix: Titled Tuesday Blitz"]
[Site "Chess.com"]
[Date "2020.10.13"]
[Round "1"]
[White "swayamsm"]
[Black "allvim"]
[Result "1-0"]
[WhiteElo "2635"]
[BlackElo "2300"]
[TimeControl "180+1"]
[EndTime "10:06:52 PDT"]
[Termination "swayamsm won by resignation"]

1. d4 Nf6 2. Nf3 d5 3. c4 c6 4. Nc3 dxc4 5. a4 Bf5 6. Ne5 Nbd7 7. Nxc4 e6 8. g3 Rc8 9. Bg2 Be7 10. O-O O-O 11. a5 c5 12. Bxb7 cxd4 13. Bxc8 Qxc8 14. Qxd4 Rd8 15. Nd6 Bxd6 16. Qxd6 Nc5 17. Qe5 Bh3 18. Be3 Nb3 19. Bxa7 Nxa1 20. Rxa1 Qb7 21. e4 Qxa7 22.
Qf4 Qd4 23. a6 e5 24. Qe3 Qd7 25. a7 Ra8 26. b4 Ng4 27. Qb6 h6 28. Qb8+ Kh7 29. Ne2 Qd2 30. Qb5 Rd8 31. Rf1 Rd4 32. a8=Q Rxe4 33. Qxe4+ 1-0